 Dungeon Crawl Stone Soup version 0.19.1-1-g22dce08 (console) character file.

6648 Kloppie the Carver (level 10, 0/136 HPs)
             Began as a Black Draconian Berserker on Jan 14, 2017.
             Was a High Priest of Trog.
             Slain by a killer bee (6 damage)
             ... on level 1 of the Lair of Beasts.
             The game lasted 00:11:06 (8591 turns).

Kloppie the Carver (Black Draconian Berserker)      Turns: 8591, Time: 00:11:07

Health: 0/136      AC:  9    Str: 24    XL:     10   Next: 72%
Magic:  0/10       EV: 16    Int:  9    God:    Trog [*****.]
Gold:   596        SH:  0    Dex: 13    Spells: 0 memorised, 9 levels left

rFire  . . .     SeeInvis .     b - +1 long sword (venom)
rCold  . . .     Gourm    .     (armour unavailable)
rNeg   . . .     Faith    .     (no shield)
rPois  +         Spirit   +     (helmet restricted)
rElec  +         Reflect  .     m - +0 cloak
rCorr  .         Harm     .     y - +0 pair of gloves
MR     +++..                    (no boots)
Stlth  ..........               o - amulet of guardian spirit
                                r - ring of poison resistance
                                z - ring of protection from magic

@: berserking (expiring), lethally poisoned (0 -> 0), regenerating, very quick
A: breathe lightning, unfitting armour, electricity resistance, cold-blooded, AC
+7
a: Breathe Lightning, Berserk, Trog's Hand, Brothers in Arms, Burn Spellbooks,
Renounce Religion


You were on level 1 of the Lair of Beasts.
You worshipped Trog.
Trog was extremely pleased with you.
You were very hungry.

You visited 2 branches of the dungeon, and saw 10 of its levels.

You collected 596 gold pieces.

Inventory:

Hand Weapons
 a - a +3 scimitar of flaming
 b - a +1 long sword of venom (weapon)
 t - the +7 Singing Sword
   (You found it on level 6 of the Dungeon)
Armour
 m - a +0 cloak (worn)
 y - a +0 pair of gloves (worn)
Jewellery
 o - an amulet of guardian spirit (around neck)
 r - a ring of poison resistance (right hand)
 z - a ring of protection from magic (left hand)
 E - an uncursed ring of protection from magic
Wands
 p - a wand of digging (11/24)
Scrolls
 c - a scroll of fog
 e - a scroll of fear
 f - a scroll of enchant armour
 g - a scroll of noise
 j - 3 scrolls of teleportation
 s - 6 scrolls of remove curse
 x - a scroll of recharging
 C - a scroll of enchant weapon
Potions
 d - 2 potions of agility
 h - a potion of might
 i - 5 potions of curing
 k - 4 potions of heal wounds
 w - a potion of ambrosia
 A - a potion of flight
Comestibles
 n - 3 beef jerkies
 B - 4 bread rations


   Skills:
 - Level 9.4 Fighting
 + Level 12.0 Long Blades
 + Level 8.0 Dodging


You had 9 spell levels left.
You didn't know any spells.

Dungeon Overview and Level Annotations

Branches:
Dungeon (9/15)             Temple (0/1) D:7            Lair (1/6) D:9
    Orc (0/2) D:9

Altars:

Shops:
D:7 (


Innate Abilities, Weirdness & Mutations

You can breathe wild blasts of lightning.
Your glossy black scales are hard. (AC +7)
You cannot fit into any form of body armour.
You are resistant to electric shocks. (rElec)
You are cold-blooded and may be slowed by cold attacks.


Message History

The killer bee is heavily wounded.
You slash the killer bee!
You kill the killer bee!
Trog accepts your kill. The killer bee barely misses you.
The killer bee stings you but does no damage.
A killer bee comes into view.
You closely miss the killer bee. The killer bee stings you.
* * * LOW HITPOINT WARNING * * *
The killer bee stings you.
* * * LOW HITPOINT WARNING * * *
The killer bee stings you!
* * * LOW HITPOINT WARNING * * *
You barely miss the killer bee. The killer bee barely misses you.
You riposte.
You slice the killer bee!!
You kill the killer bee!
Trog accepts your kill.
Your Long Blades skill increases to level 12!
The killer bee stings you!
You die...

## ######## ######
##.#P###...##.###.#P.##
.....................|.
.#...####..P#.P...#####
.......................
..####..###.#.###..#P.#
......†................
#####......#..#.###.##.
#y@...P............
.%yyyy.###..P###..#####.
%%.yy## .### #.#.##..
##### .. ........ ...
..####.. .... ........
P.# .P.#.### ........
#.#####


You could see 7 killer bees.

Vanquished Creatures
  Erica (D:9)
  A spiny frog (Lair:1)
  A komodo dragon (D:9)
  2 hornets (D:9)
  A queen bee (Lair:1)
  2 two-headed ogres (D:9)
  A hungry ghost (D:9)
  Menkaure (D:7)
  2 water moccasins
  An orc warrior (D:9)
  An ice beast (D:9)
  2 sky beasts
  2 ogres
  The ghost of monokles the Skirmisher, an amateur DsMo (D:3)
  A big kobold (D:7)
  13 bullfrogs
  A water moccasin zombie (D:8)
  5 scorpions
  19 killer bees
  6 electric eels (D:9)
  3 howler monkeys
  4 crimson imps
  A bullfrog zombie (D:8)
  4 orc priests
  3 hounds
  A bullfrog skeleton (D:9)
  2 iguanas
  3 worker ants
  6 orc wizards
  2 hound skeletons
  9 adders
  3 shadow imps
  An ooze (D:5)
  2 adder skeletons (D:9)
  3 worms
  3 dart slugs
  8 leopard geckos
  24 orcs
  6 giant cockroaches
  9 goblins
  6 hobgoblins
  15 jackals
  4 quokkas
  15 bats
  6 frilled lizards
  8 kobolds
  16 rats
231 creatures vanquished.

Vanquished Creatures (others)
  5 plants (D:9)
5 creatures vanquished.

Grand Total: 236 creatures vanquished

Notes
Turn   | Place    | Note
-------+----------+-------------------------------------------
     0 | D:1      | Kloppie the Draconian Berserker began the quest for the Orb.
     0 | D:1      | Reached XP level 1. HP: 19/19 MP: 1/1
   335 | D:1      | Reached XP level 2. HP: 25/26 MP: 2/2
   881 | D:2      | Reached ** piety under Trog
   916 | D:2      | Reached XP level 3. HP: 15/33 MP: 3/3
  1128 | D:2      | Reached skill level 4 in Long Blades
  1446 | D:2      | Found a faded altar of an unknown god.
  1564 | D:2      | Reached XP level 4. HP: 27/40 MP: 4/4
  1655 | D:3      | Noticed monokles's ghost (amateur DsMo)
  1668 | D:3      | Killed monokles's ghost
  1668 | D:3      | Reached XP level 5. HP: 47/47 MP: 5/5
  1754 | D:3      | Reached skill level 5 in Long Blades
  1883 | D:3      | Reached skill level 5 in Fighting
  1884 | D:3      | Reached *** piety under Trog
  2533 | D:4      | Reached XP level 6. HP: 54/56 MP: 6/6
  3123 | D:4      | Reached skill level 6 in Long Blades
  3337 | D:5      | Entered Level 5 of the Dungeon
  3396 | D:5      | Your scales start taking on a glossy black colour.
  3396 | D:5      | Reached XP level 7. HP: 42/64 MP: 7/7
  3396 | D:5      | Gained mutation: You are resistant to electric shocks. (rElec) [Black Draconian growth]
  3963 | D:6      | Reached skill level 7 in Long Blades
  4535 | D:6      | Reached XP level 8. HP: 69/73 MP: 8/8
  4693 | D:6      | Reached **** piety under Trog
  5216 | D:7      | Found a staircase to the Ecumenical Temple.
  5236 | D:7      | Noticed Menkaure
  5243 | D:7      | Killed Menkaure
  5370 | D:7      | Reached skill level 8 in Long Blades
  6088 | D:7      | Reached skill level 9 in Long Blades
  6426 | D:7      | Found Qiraergh's Antique Weapon Emporium.
  6595 | D:8      | Reached XP level 9. HP: 67/84 MP: 9/9
  7359 | D:9      | Reached skill level 10 in Long Blades
  7402 | D:9      | Reached skill level 5 in Dodging
  7463 | D:9      | Found a staircase to the Orcish Mines.
  7526 | D:9      | Reached XP level 10. HP: 87/91 MP: 10/10
  7565 | D:9      | Reached ***** piety under Trog
  7705 | D:9      | Found a staircase to the Lair.
  7774 | D:9      | Noticed Erica
  7782 | D:9      | Killed Erica
  7782 | D:9      | Reached skill level 11 in Long Blades
  8441 | Lair:1   | Entered Level 1 of the Lair of Beasts
  8493 | Lair:1   | Noticed a spiny frog
  8508 | Lair:1   | Killed a spiny frog
  8590 | Lair:1   | HP: 5/136 [killer bee (7)]
  8591 | Lair:1   | Reached skill level 12 in Long Blades
  8591 | Lair:1   | Slain by a killer bee

Skill      XL: |  1  2  3  4  5  6  7  8  9 10 |
---------------+-------------------------------+-----
Long Blades    | 4 5 6 7 9 10 12 | 12.0
Fighting       | 4 5 6 7 9 |  9.4
Dodging        | 6 8 |  8.0

Action                   |  1- 3 |  4- 6 |  7- 9 | 10-12 || total
-------------------------+-------+-------+-------+-------++-------
Melee: Falchion          |   130 |   183 |    97 |       ||   410
       Tailslap          |    14 |    26 |    42 |    13 ||    95
       Double sword      |       |       |   185 |    60 ||   245
       Long sword        |       |       |       |    39 ||    39
Invok: Berserk           |     2 |     1 |     3 |     2 ||     8
       Trog's Hand       |     1 |       |     2 |     2 ||     5
 Abil: Breathe Lightning |       |       |     1 |       ||     1
  Use: Scroll            |       |    10 |     2 |     2 ||    14
       Potion            |       |       |     9 |       ||     9
 Stab: Sleeping          |     2 |     1 |       |       ||     3
       Distracted        |     1 |       |       |       ||     1
  Eat: Chunk             |     5 |     7 |     3 |     5 ||    20
       Meat ration       |       |       |     3 |       ||     3
Armor: Skin              |    36 |    56 |    98 |    16 ||   206
Dodge: Dodged            |    84 |   105 |   202 |    88 ||   479
       Rpst.: Falchion   |    38 |    34 |    30 |       ||   102
       Double sword      |       |       |    42 |    12 ||    54
       Long sword        |       |       |       |    16 ||    16
